 Dungeon Crawl Stone Soup version 0.22-a0-196-gee22f2738c (webtiles) character file.

163 RedPan the Ruffian (level 5, -9/40 HPs)
             Began as a Draconian Transmuter on Feb 17, 2018.
             Killed by divine providence
             ... invoked by an orc priest
              (12 damage)
             ... on level 3 of the Dungeon.
             The game lasted 00:06:50 (2140 turns).

RedPan the Ruffian (Draconian Transmuter)           Turns: 2140, Time: 00:07:20

Health: -9/40      AC:  5    Str: 13    XL:     5   Next: 20%
Magic:  5/9        EV: 12    Int: 14    God:
Gold:   84         SH:  0    Dex: 11    Spells: 7/10 levels left

rFire    + . .     SeeInvis .     - Unarmed
rCold    x . .     Gourm    .   (no shield)
rNeg     . . .     Faith    .   (armour unavailable)
rPois    .         Spirit   .   (helmet restricted)
rElec    .         Reflect  .   (no cloak)
rCorr    .         Harm     .   (no gloves)
MR       .....                  (no boots)
Stlth    +.........             (no amulet)
HPRegen  0.13/turn              n - ring of fire
MPRegen  0.11/turn              (no ring)

@: appendage (expiring)
A: unfitting armour, horns 2, cold-blooded, AC +5
a: End Transformation


You were on level 3 of the Dungeon.
You were not hungry.
You had grown temporary horns.
You visited 1 branch of the dungeon, and saw 3 of its levels.

You collected 84 gold pieces.

Inventory:

Missiles
 a - 28 arrows
Jewellery
 n - a ring of fire (left hand)
Wands
 r - a wand of acid (7)
Potions
 d - 2 potions of berserk rage
 e - a potion of lignification {unknown}
 f - a potion of resistance {unknown}
 o - a potion of heal wounds {unknown}
Books
 b - a book of Changes

   Spells                             Type                      Level
   a - Beastly Appendage              Transmutation                1
   b - Sticks to Snakes               Transmutation                2
   c - Spider Form                    Transmutation/Poison         3
   d - Ice Form                       Ice/Transmutation            4
   e - Blade Hands                    Transmutation                5
 s - a book of Minor Magic

   Spells                             Type                      Level
   a - Magic Dart                     Conjuration                  1
   b - Blink                          Translocation                2
   c - Call Imp                       Summoning                    2
   d - Slow                           Hexes                        2
   e - Conjure Flame                  Conjuration/Fire             3
   f - Mephitic Cloud                 Conjuration/Poison/Air       3
Comestibles
 c - 3 rations
 j - 3 chunks of flesh


   Skills:
 - Level 1.1 Fighting
 - Level 1.7 Dodging
 + Level 4.2 Unarmed Combat
 - Level 3.0 Spellcasting
 * Level 3.7 Transmutations


You had 7 spell levels left.
You knew the following spells:

 Your Spells              Type           Power        Failure   Level  Hunger
a - Beastly Appendage     Tmut           ##....       4%          1    #......
b - Sticks to Snakes      Tmut           ##......     7%          2    ##.....


Dungeon Overview and Level Annotations

Branches:
Dungeon (3/15)

Altars:
Dithmenos

Annotations:
D:3 Robin


Innate Abilities, Weirdness & Mutations

Your plain brown scales are hard. (AC +5)
You cannot fit into any form of body armour.
You are cold-blooded and may be slowed by cold attacks.
You have a pair of horns on your head.


Message History

The orc priest is almost dead.
The orc priest hits you.
* * * LOW HITPOINT WARNING * * *
Unknown command.
You closely miss the orc priest.
You tail-slap the orc priest, but do no damage.
The orc priest is almost dead.
Unknown command.
You hit the orc priest.
You tail-slap the orc priest, but do no damage.
The orc priest is almost dead.
The orc priest closely misses you.
Unknown command.
You hit the orc priest but do no damage.
You headbutt the orc priest, but do no damage.
You tail-slap the orc priest, but do no damage.
The orc priest is almost dead.
The orc priest calls down the wrath of Beogh upon you.
Beogh smites you!
You die...

#...# #.#.#.#†######
#.###############.#.#.#.#.....
#g# #..†)))#.....#.#.#....###
#g# #.####(#.#.....#.#.####
#.# #.#......#.#####.###
#o####.#.##.###.#<#
#S#S.o.#.##.#...#.#
#.#.####.##.#S###.#
#.#.#.....#.#@###.#
#.S.#.......#o))..#
###################


You could see an orc priest and a friendly ball python.

Vanquished Creatures
  3 gnolls (D:3)
  3 adders
  An ooze (D:2)
  2 worms (D:2)
  3 dart slugs (D:1)
  3 leopard geckos
  3 orcs (D:3)
  6 bats
  2 giant cockroaches (D:1)
  8 goblins
  11 hobgoblins
  3 jackals (D:3)
  5 kobolds
  2 quokkas (D:2)
  2 ball pythons
  3 frilled lizards
  7 rats
67 creatures vanquished.

Vanquished Creatures (collateral kills)
  Ijyb (D:3)
  A worm (D:2)
  A hobgoblin (D:3)
  A bat (D:2)
  A kobold (D:2)
5 creatures vanquished.

Grand Total: 72 creatures vanquished

Notes
Turn   | Place    | Note
-------+----------+-------------------------------------------
     0 | D:1      | RedPan the Draconian Transmuter began the quest for the Orb.
     0 | D:1      | Reached XP level 1. HP: 16/16 MP: 3/3
   111 | D:1      | Reached XP level 2. HP: 19/23 MP: 3/5
   132 | D:1      | Learned a level 2 spell: Sticks to Snakes
   669 | D:1      | Reached XP level 3. HP: 28/28 MP: 6/6
  1384 | D:2      | Reached XP level 4. HP: 27/35 MP: 8/8
  1811 | D:3      | Found a shadowy altar of Dithmenos.
  1811 | D:3      | Noticed Ijyb
  1829 | D:3      | Killed Ijyb
  1829 | D:3      | Reached skill level 4 in Unarmed Combat
  1941 | D:3      | Noticed Robin
  2096 | D:3      | Reached XP level 5. HP: 37/40 MP: 7/9
  2140 | D:3      | Killed from afar by an orc priest

Vault maps used:
D:1:      dpeg_arrival_snail, hex_tiny, nrook_mini_backslash
D:3:      grunt_dithmenos_smoke, uniq_natasha, uniq_ijyb, uniq_robin

Skill      XL: |  1  2  3  4 |
---------------+-------------+-----
Transmutations | 3 |  3.7
Unarmed Combat | 4 |  4.2
Spellcasting   | 3 |  3.0
Fighting       | |  1.1
Dodging        | |  1.7

Action                   |  1- 3 |  4- 6 || total
-------------------------+-------+-------++-------
Melee: Unarmed           |   132 |   106 ||   238
       Kick              |    11 |     2 ||    13
       Tailslap          |    17 |    11 ||    28
       Headbutt          |     3 |     6 ||     9
       Punch             |       |     2 ||     2
 Cast: Beastly Appendage |    11 |     9 ||    20
       Sticks to Snakes  |     6 |     7 ||    13
  Use: Scroll            |       |     8 ||     8
 Stab: Sleeping          |     1 |       ||     1
       Distracted        |     1 |       ||     1
  Eat: Chunk             |     2 |     3 ||     5
Armor: Skin              |    40 |    14 ||    54
Dodge: Dodged            |   103 |    53 ||   156

Table legend:
 A = Spawn XP
 B = Non-spawn XP
 C = Spawn XP percentage of total XP
 D = Spawn monster count
 E = Non-spawn monster count
 F = Spawn count percentage of total count
 G = Total turns spent on level
                    A         B        C        D         E        F      G
               +---------+---------+-------+---------+---------+-------+---------
         Total |       0 |     234 |   0.0 |       0 |      72 |   0.0 |  2140
               +---------+---------+-------+---------+---------+-------+---------
           D:1 |       0 |      41 |   0.0 |       0 |      22 |   0.0 |   763
           D:2 |       0 |      78 |   0.0 |       0 |      30 |   0.0 |  1040
           D:3 |       0 |     115 |   0.0 |       0 |      20 |   0.0 |   337
               +---------+---------+-------+---------+---------+-------+---------
